[Event "Israeli Championship 2022"]
[Site "Yosiah Arad"]
[Date "2022.12.11"]
[Round "7.13"]
[White "Tzidkiya, Yeshaayahu"]
[Black "Shimshovich, Asaf"]
[Result "1/2-1/2"]
[ECO "B81"]
[WhiteElo "2444"]
[BlackElo "1941"]
[Annotator "TA"]
[PlyCount "50"]
[EventDate "2022.12.05"]
[EventType "swiss"]
[EventCountry "ISR"]
[SourceTitle "playchess.com"]
[Source "ChessBase"]
[SourceQuality "1"]
[TimeControl "40/5400+30:1800+30"]

1. e4 {[%emt 0:00:01] Baumbach} c5 2. Nf3 e6 3. d4 cxd4 4. Nxd4 Nf6 5. Nc3 d6 6. g4 h6 7. Rg1 Nc6 8. Be3 $1 {[%emt 0:00:12] 8.Be3 scores better than 8.h4.} Be7 9. h4 {[%emt 0:00:12] B81: Sicilian Scheveningen: Keres Attack.} d5 $1 10. Bb5 Bd7 {[%emt 0:01:27] And now ...e5 would win.} 11. exd5 Nxd5 12. Nxd5 exd5 13. Qd2 (13. Qe2 {simplifies} Nxd4 14. Bxd7+ Qxd7 15. Bxd4 O-O 16. O-O-O) 13... O-O 14. Nf5 (14. Nxc6 {simplifies} bxc6 15. Bd3 c5 16. O-O-O) 14... d4 (14... Bb4 $5 15. c3 $8 d4 16. Bxh6 (16. Nxd4 Nxd4 17. Qxd4 Bxb5 $15) (16. cxb4 dxe3 17. fxe3 Ne5 $15) 16... Re8+ 17. Kf1 Bf8 $11) 15. Bxh6 Bb4 $1 16. c3 $1 dxc3 17. bxc3 {[%emt 0:00:00] [#]} Re8+ $146 (17... Ne5 $5 18. Be2 $8 (18. Nxg7 $2 {too greedy.} Nf3+ 19. Ke2 Nxd2 $19) 18... Re8 $11) ({Predecessor:} 17... Ne5 18. Be2 Re8 19. Kf1 Bf8 20. Bf4 Qa5 21. Rg3 Rad8 22. Nd4 Ba4 23. h5 Nc6 {0-1 (49) Timmerman,G (2725)-Andersson,U (2620) Norway 1994 Myers [Baumbach]}) 18. Kf1 Bf8 19. Rd1 (19. Bg5 $11 Qc8 20. Rg3) 19... Bxf5 20. gxf5 Qxh4 {[%emt 0:03:24] White must now prevent ...Rad8.} 21. Qg5 {[%emt 0:00:00] Against Rad8} Qh3+ 22. Rg2 {[%emt 0:00:00] aiming for Rd3.} Qh1+ (22... Qxc3 $2 23. Bxg7 $1 Qxg7 24. Qh4 $18) (22... Re5 $5 23. Bxg7 Rxf5 $15) 23. Rg1 {[%emt 0:00:00] Dancing on a razor blade.} Qh3+ 24. Rg2 {[%emt 0:00:00] Threatens to win with Rd3.} Qh1+ (24... Qxc3 $2 {[#]} 25. Bxg7 $1 Qxg7 26. Qh4 $18) (24... Re5 $5 25. Be2 Rxf5 $15) 25. Rg1 Qh3+ $1 {[%emt 0:00:06] Weighted Error Value: White=0.16 (very precise) /Black=0.09 (flawless)} 1/2-1/2

[Event "Israeli Championship 2022"]
[Site "Yosiah Arad"]
[Date "2022.12.11"]
[Round "7.14"]
[White "Shachar, Ehud"]
[Black "Poleg, Matan"]
[Result "0-1"]
[ECO "D79"]
[WhiteElo "2319"]
[BlackElo "2291"]
[Annotator "TA"]
[PlyCount "84"]
[EventDate "2022.12.05"]
[EventType "swiss"]
[EventCountry "ISR"]
[SourceTitle "playchess.com"]
[Source "ChessBase"]
[SourceQuality "1"]
[TimeControl "40/5400+30:1800+30"]

1. Nf3 c5 2. g3 Nc6 3. Bg2 g6 4. O-O Bg7 5. c3 d5 6. d4 cxd4 7. cxd4 Nf6 8. Nc3 O-O {[%emt 0:00:06] 8...Ne4 is more advanced technology.} 9. Bf4 e6 10. Rc1 {[%emt 0:01:29] D79: Fianchetto Grünfeld: Symmetrical Variation (6 0-0 c6 7 cxd5 cxd5).} Nh5 11. Bg5 f6 12. Be3 {[%emt 0:00:11] White is slightly better.} f5 {[%emt 1:10:36] Against g4} 13. Qd2 Nf6 {[%emt 0:00:00] [#]} 14. Ne5 $146 ({Predecessor:} 14. Bf4 Ne4 15. Qe3 g5 16. Bxg5 Nxg5 17. Nxg5 Bxd4 18. Qf4 Bf6 19. h4 Qe7 20. Rfd1 {½-½ (30) Cesal,J (2320)-Talla,V (2335) Czech Republic 1998}) 14... Nxe5 15. dxe5 Ne4 16. Nxe4 fxe4 17. Bh6 Bxh6 18. Qxh6 Bd7 19. h4 Rf7 20. Bh3 Qb6 21. h5 gxh5 22. e3 Raf8 (22... Rg7 $5 ) 23. Rc2 Rg7 24. Rfc1 Rg6 $1 25. Qxh5 {[%emt 0:00:26] [#]} Bc6 $1 26. Rd1 (26. Qh4 $15) 26... Qd8 (26... Qc7 $142 27. Rdc1 Qg7) 27. Bg4 (27. Rdc1 $17) 27... Qe7 $19 28. Qh3 Kh8 29. Kg2 {[%emt 0:07:15] [#]} (29. Be2 $17 {keeps fighting.}) 29... Rfg8 ({Better is} 29... Qg7 $1 $19 30. Bh5 (30. Bxe6 $2 Rh6 $19) 30... Rh6) 30. Be2 $17 Qc7 31. Rh1 R8g7 32. Bb5 (32. Qh4 $142) 32... Qf7 (32... Qxe5 33. Bxc6 bxc6 34. Rxc6 $11) 33. Bxc6 {[%emt 0:06:26] aiming for Bb5.} Qf3+ (33... bxc6 $6 34. Qh5 $11) 34. Kh2 Rc7 $2 ({Black should play} 34... bxc6 $17 35. Rf1 Rc7) 35. Qh4 $11 {[%emt 0:03:47] Against Rg5} Rxc6 {[%emt 0:00:00] Chess con chili.} (35... Kg7 $5 36. Kg1 $8 Qd1+ 37. Kg2 Qf3+ 38. Kg1 Qd1+ 39. Kg2 Qf3+ 40. Kg1 $11) 36. Rhc1 Rg8 37. Kg1 (37. Qf4 $11 Qxf4 38. gxf4) 37... Rf8 $1 $40 {[%emt 0:02:04][%mdl 128] White must now prevent ...Rxc2. Black has some attack. Black is much more active.} (37... Rxc2 38. Rxc2 Rf8 39. Kh2 $11) 38. Qe7 $2 {[%emt 0:00:22][%mdl 8192] This costs White the game.} ({White has to play} 38. Kh2 $15) 38... d4 $19 {[%emt 0:01:20] And now ...d3 would win.} ({And not} 38... Rxc2 39. Rxc2 d4 40. Kh2 $17 (40. Qxe6 Qd1+ 41. Kh2 Qxc2 42. Kh3 Qxf2 43. Qd7 dxe3 44. e6 e2 45. e7 Qf1+ 46. Kh4 Qf6+ 47. Kh3 Qh6+ 48. Kg4 Rg8+ 49. Kf5 Qg5+ 50. Kxe4 e1=Q+ 51. Kd3 Qd1+ 52. Ke4 Qe2+ 53. Kd4 Qge5#) (40. exd4 $2 {loses.} e3 $19)) 39. Rxc6 (39. Kh2 $142 d3 40. Rxc6 Qxf2+ 41. Kh3 bxc6 42. Qg5) 39... Qxf2+ 40. Kh1 bxc6 41. exd4 e3 {[%emt 0:02:51] Threatens to win with ...e2.} 42. Qb4 e2 {[%emt 0:00:11] Weighted Error Value: White=0.80/Black=0.13 (very precise)} (42... Qf3+ $142 43. Kh2 Qh5+ 44. Kg1 Rf2 45. Qf8+ Rxf8 46. Rc2 e2 47. Rc1 Qh3 48. Re1 Rf1+ 49. Rxf1 exf1=Q#) 0-1

[Event "Israeli Championship 2022"]
[Site "Yosiah Arad"]
[Date "2022.12.11"]
[Round "7.15"]
[White "Barak, Gil"]
[Black "Ben-Menachem, Itzhak"]
[Result "1-0"]
[ECO "C54"]
[WhiteElo "2147"]
[BlackElo "2291"]
[Annotator "TA"]
[PlyCount "74"]
[EventDate "2022.12.05"]
[EventType "swiss"]
[EventCountry "ISR"]
[SourceTitle "playchess.com"]
[Source "ChessBase"]
[SourceQuality "1"]
[TimeControl "40/5400+30:1800+30"]

1. e4 e5 2. Nf3 Nc6 3. Bc4 Bc5 4. c3 Nf6 5. d4 exd4 6. b4 {[%emt 0:00:09] C54: Giuoco Piano: 4 c3 Nf6, main lines with 5 d4 and 5 d3.} Bb6 7. e5 d5 8. exf6 {[%emt 0:00:06] Black has an edge.} dxc4 9. b5 Na5 10. Qe2+ Be6 $1 (10... Kf8 11. Qe5 g6 12. Bh6+ (12. cxd4 Bg4 $15) (12. Nxd4 h5 $11) 12... Kg8 13. O-O $16) 11. fxg7 Rg8 12. cxd4 Qd7 (12... Rxg7 13. O-O $14) 13. Nc3 $132 {[%emt 0:01:02][%mdl 2048] White puts up resistance} O-O-O $1 14. Bg5 $1 Rde8 15. O-O-O $1 {[%emt 0:00:56] [#] Threatens to win with Rhe1.} Bf5 $146 (15... Rxg7 $6 16. Qe5 Rg6 17. Rhe1 $15) (15... Bg4 $11 16. Qd2 Rxg7) ({Predecessor:} 15... Rxg7 16. Qd2 Kb8 17. Rhe1 Rgg8 18. Ne4 Qxb5 19. Nf6 Nc6 20. Qb2 Rxg5 21. d5 Qxb2+ 22. Kxb2 Rxg2 23. Nxe8 Rxf2+ {0-1 (67) Micic,A (2064)-Rajkovic,M (2390) Vrnjacka Banja 2021}) 16. Qd2 $1 $14 {[%emt 0:07:46] [#] And now Rhe1 would win.} ({Much weaker is} 16. Ne5 Qd6 17. Be3 (17. Qf3 $2 Qa3+ 18. Kd2 Bxd4 $19) 17... Rxg7 $15) 16... Rxg7 17. Rhe1 {[%emt 0:13:09] Inhibits h6.} Rgg8 18. Qf4 Bd3 $1 19. Bf6 Bg6 (19... Rxg2 $2 20. Ne5 Qxd4 21. Nxd3 Qxf4+ 22. Nxf4 $18) (19... a6 $11) 20. Ne5 $16 {[%emt 0:13:20] Active counter play! Pair of Knights! White stays focused until the end.} Qd6 {[%emt 0:00:57] [#] ...Qa3+ is the strong threat.} 21. Nxg6 {[%emt 0:00:32] Dancing on a razor blade.} fxg6 22. Qxd6 cxd6 23. Nd5 {[%emt 0:02:37] aiming for Ne7+.} Bd8 24. Be7 Rg7 25. Bxd6 Rxe1 26. Rxe1 Rd7 27. Re6 Rf7 {[%emt 0:00:32] Hoping for ...Kd7.} 28. Bg3 Rd7 29. Rd6 Rf7 30. Kc2 {[%emt 0:03:06] Inhibits c3.} h5 (30... Rd7 $142 31. Rxd7 Kxd7) 31. Rxg6 $18 h4 32. Bf4 Rf5 33. Rd6 b6 34. g3 Nb7 35. Rc6+ {[%emt 0:00:12] White is winning.} Kd7 36. Nc3 hxg3 37. fxg3 ({Less strong is} 37. hxg3 Rxb5 38. Rxc4 Rh5 $18) 37... Bf6 $2 {[%emt 0:00:32] Weighted Error Value: White=0.06 (flawless) /Black=0.20 (precise)} (37... Rxb5 38. Nxb5 (38. Rxc4 Rh5 $16) 38... Kxc6) 1-0

[Event "Israeli Championship 2022"]
[Site "Yosiah Arad"]
[Date "2022.12.12"]
[Round "8.1"]
[White "Gorshtein, Ido"]
[Black "Sokolovsky, Yahli"]
[Result "1-0"]
[ECO "A20"]
[WhiteElo "2469"]
[BlackElo "2414"]
[Annotator "TA"]
[PlyCount "55"]
[EventDate "2022.12.05"]
[EventType "swiss"]
[EventCountry "ISR"]
[SourceTitle "playchess.com"]
[Source "ChessBase"]
[SourceQuality "1"]
[TimeControl "40/5400+30:1800+30"]

1. c4 e5 2. g3 c6 3. Nf3 e4 4. Nd4 Qb6 5. e3 d5 {[%emt 0:02:35] [#]} 6. d3 $146 {[%emt 0:05:33] A20: English Opening: 1...e5.} ({Predecessor:} 6. Nc3 Nf6 7. Qc2 Na6 8. a3 Nc5 9. b4 Ne6 10. Nce2 a5 11. c5 Qc7 12. Bb2 Nxd4 13. Nxd4 {½-½ (36) Willis,R (2127)-Gill,O (2135) England 2019}) 6... Nf6 7. dxe4 Nxe4 8. cxd5 {[%emt 0:00:31] The position is equal.} cxd5 9. Bg2 Bb4+ 10. Nd2 ({White should try} 10. Bd2 $11) 10... Nc6 (10... O-O $5 ) 11. N4b3 O-O 12. O-O Re8 13. Nf3 (13. Nxe4 {simplifies} dxe4 14. Bd2 Be6 15. Bxb4 Nxb4 16. Qd4) 13... Bg4 {[%emt 0:02:12] [#] Threatens to win with ...Ne5.} 14. Qxd5 Rad8 15. Qc4 Be6 16. Qe2 Bxb3 17. axb3 Na5 {[%emt 0:00:17] Pair of Knights!} 18. Qc2 (18. Ra4 $5 ) 18... Rc8 19. Qd1 Bc5 ({Black should play} 19... Red8 $15 20. Nd4 Nc5) 20. b4 (20. Nd4 {is more complex.} Bxd4 21. b4 Rxc1 22. Rxc1 Bxe3 23. Qd7) 20... Bxb4 21. Nd4 Nc4 22. Qd3 Ncd6 23. Rd1 (23. Nf5 {keeps more tension.} Qb5 24. Qxb5 Nxb5 25. Nd4) 23... h5 (23... Nc5 $5 24. Qe2 Nde4 $11) 24. Nc2 $36 {[%emt 0:05:16][%mdl 2048] [#] Nxb4 is the strong threat. Black is under pressure.} Bc5 {[%emt 0:00:25][%mdl 8192] Black cannot hold the game after this.} (24... Nc5 $14 25. Qd5 (25. Qxd6 Red8 $17) 25... Nde4) 25. b4 $18 Bxb4 26. Nxb4 Rxc1 $2 (26... Qxb4 27. Ba3 (27. Rxa7 Rc3 $11) 27... Qc4 28. Bxd6 Qxd3 29. Rxd3 Rcd8) 27. Raxc1 Qxb4 28. f3 {[%emt 0:01:44] Weighted Error Value: White=0.12 (very precise) /Black=0.42} 1-0

[Event "Israeli Championship 2022"]
[Site "Yosiah Arad"]
[Date "2022.12.12"]
[Round "8.2"]
[White "Boruchovsky, Avital"]
[Black "Erenberg, Ariel"]
[Result "1-0"]
[ECO "B12"]
[WhiteElo "2552"]
[BlackElo "2514"]
[Annotator "TA"]
[PlyCount "113"]
[EventDate "2022.12.05"]
[EventType "swiss"]
[EventCountry "ISR"]
[SourceTitle "playchess.com"]
[Source "ChessBase"]
[SourceQuality "1"]
[TimeControl "40/5400+30:1800+30"]

1. e4 c6 2. d4 d5 3. e5 Bf5 4. h4 h5 5. c4 dxc4 6. Bxc4 e6 7. Nc3 Nd7 8. Nge2 Nh6 {[%emt 0:01:33] B12: Caro-Kann: Advance Variation.} (8... Be7 $11 {might be stronger.}) 9. Bg5 $14 Be7 10. Qd2 {[%emt 0:01:33] [#]} a6 $146 {[%emt 0:22:41] White is slightly better.} ({Predecessor:} 10... Nb6 11. Bb3 a5 12. a3 a4 13. Ba2 Nd5 14. Ng3 Bg6 15. Nge4 Nxc3 16. Nd6+ Kf8 17. Bxe7+ Qxe7 18. Qxc3 {½-½ (51) Woolcock,C (1894)-Paul,N (1875) Coventry 2013}) 11. Rd1 Nb6 12. Bd3 Bxd3 13. Qxd3 Nf5 14. Ng3 Nxh4 15. Bxh4 Bxh4 16. Nce4 {[%emt 0:00:03] Threatens to win with Nd6+.} Nc8 {[%emt 0:10:11] Prevents Nd6+.} 17. Qb3 {[%emt 0:14:08][%mdl 1024] White has compensation.} (17. Qe3 $5 ) 17... Ra7 18. Qf3 g6 19. Nf1 (19. Rxh4 $11 Qxh4 20. Nf6+ Kf8 21. Ke2) 19... Be7 $15 20. a3 Nb6 21. Ne3 Ra8 (21... Kf8 $15) 22. Rh3 ({Better is} 22. g4 $1 $11) 22... a5 (22... Rh7 $15) 23. g4 $11 h4 24. g5 $1 a4 (24... Bxg5 25. Nd6+ Kd7 26. Nxf7 $16 (26. Qxf7+ Qe7 $11)) 25. Qg4 (25. Ng4 Nd5 $15) 25... Ra5 26. Rxh4 Kd7 27. Rh6 Rb5 $2 (27... Rf8 $11 {and Black is okay.}) 28. Rd2 $2 (28. Nc3 $1 $18 Rd5 29. f4) 28... Nd5 (28... Kc7 $11) 29. Qf3 $1 $16 {[%emt 0:01:51] White is more active.} Qf8 30. Ng4 {[%emt 0:03:24] Pair of Knights!} (30. Rxh8 Qxh8 31. Nxd5 (31. Qxf7 $2 Qh1+ 32. Ke2 Qxe4 $19) 31... cxd5 $11) ({White should play} 30. Qh1 $1 $18 Rg8 31. Nc4) 30... Bxg5 $1 $11 31. Rxh8 Bxd2+ 32. Kxd2 {[%emt 0:00:07] Really sharp!} Qxh8 33. Qxf7+ Kd8 {[%emt 0:01:05] Hoping for ...Qh1.} 34. Ngf6 Nxf6 35. exf6 {[%emt 0:00:18][%mdl 4096] Endgame KQR-KQN} Qh2 $2 {[%emt 0:00:37][%mdl 8192] Black is on the road to losing.} (35... Qe8 $2 36. Qg7 (36. Qxe8+ Kxe8 37. Nd6+ Kf8 $11) 36... Qd7 37. f7 $18) (35... Rxb2+ $11 36. Kc1 (36. Kc3 Rb3+ 37. Kc2 Qh4 $11) 36... Rb3 37. Qe7+ Kc8 38. Qxe6+ Kc7 39. Qe5+ Kb6) 36. Qe7+ $18 (36. Qxg6 $2 Rxb2+ 37. Kc1 Re2 $19) 36... Kc8 {[%emt 0:00:00] ...Qf4+ is the strong threat.} 37. Nd6+ (37. Qxe6+ Kb8 38. Kc2 Qf4 $11) 37... Kb8 38. Qf8+ (38. Qxe6 $2 Qxf2+ 39. Kd3 Rb3+ $19) 38... Ka7 39. Nxb5+ cxb5 {[%emt 0:00:04] KQ-KQ} 40. Qc5+ b6 41. Qe7+ ({Worse is} 41. Qxb5 Qxf2+ 42. Kc1 Qf4+ 43. Kc2 Qf2+ 44. Kc3 Qf3+ 45. Kd2 Qf4+ 46. Kc2 Qf2+ 47. Kc3 Qf3+ 48. Kc2 Qf2+ $11) 41... Ka6 42. Ke3 ({Less strong is} 42. Qxe6 Qxf2+ 43. Kd1 Qf1+ 44. Kd2 Qf2+ 45. Kd1 Qf1+ 46. Kd2 Qf2+ $11) 42... Qh3+ 43. f3 {[%emt 0:00:00] Intending f7 and mate.} Qh4 {[%emt 0:00:00] Against f7} 44. Qe8 (44. Qxe6 {is a self mate.} Qe1+ 45. Kd3 Qxe6 46. Kd2 Qxf6 47. Ke3 Qf5 48. f4 Qe6+ 49. Kf2 Qb3 50. d5 Qxb2+ 51. Kg3 Qxa3+ 52. Kg2 Qd6 53. Kh3 a3 54. Kg4 a2 55. f5 a1=Q 56. fxg6 Qxg6+ 57. Kf4 Qd4+ 58. Kf3 Qgg4#) 44... Qg5+ {[%emt 0:00:00] [#]} 45. Kd3 $1 Qf5+ 46. Ke2 Qc2+ 47. Ke3 Qc1+ {[%emt 0:00:00] [#]} 48. Ke4 $1 Qe1+ 49. Kf4 g5+ 50. Kxg5 Qg3+ 51. Kh6 Qxf3 52. Qg6 {[%emt 0:00:00] f7 would kill now.} Qf4+ 53. Kh7 {[%emt 0:00:00] White wants to mate with f7.} Qh2+ 54. Kg8 {[%emt 0:00:00] White mates.} Qb8+ 55. Kg7 Qf4 56. f7 Qxd4+ 57. Kg8 {[%emt 0:00:00] Weighted Error Value: White=0.23 (precise) /Black=0.49} 1-0

[Event "Israeli Championship 2022"]
[Site "Yosiah Arad"]
[Date "2022.12.12"]
[Round "8.3"]
[White "Levin, Guy"]
[Black "Kochavi, Ori"]
[Result "1/2-1/2"]
[ECO "D24"]
[WhiteElo "2382"]
[BlackElo "2326"]
[Annotator "TA"]
[PlyCount "34"]
[EventDate "2022.12.05"]
[EventType "swiss"]
[EventCountry "ISR"]
[SourceTitle "playchess.com"]
[Source "ChessBase"]
[SourceQuality "1"]
[TimeControl "40/5400+30:1800+30"]

1. d4 Nf6 2. c4 e6 3. Nc3 d5 4. Nf3 dxc4 5. e4 b5 6. e5 {[%emt 0:00:13] Prevents a6. D24: Queen's Gambit Accepted: 3 Nf3 Nf6 4 Nc3.} Nd5 7. Nxb5 Nb6 8. Be2 Nc6 9. O-O Bb7 10. Qd2 Be7 11. Qf4 Qd7 12. Be3 {[%emt 0:00:08] White is more active.} g5 {[%emt 0:01:04] [#]   Weighted Error Value: White=0.07 (flawless) /Black=0.14 (very precise)} {Predecessor:} 13. Nxg5 $146 Bxg5 14. Qxg5 Ne7 15. Nxc7+ Qxc7 16. f3 Rg8 17. Qh5 Nf5 {0-1 (17) Korley,K (2468)-Shimanov,A (2614) Chicago 2019} 1/2-1/2

[Event "Israeli Championship 2022"]
[Site "Yosiah Arad"]
[Date "2022.12.12"]
[Round "8.4"]
[White "Dvoirys, Semen I."]
[Black "Bronstein, Or"]
[Result "1/2-1/2"]
[ECO "B93"]
[WhiteElo "2461"]
[BlackElo "2442"]
[Annotator "TA"]
[PlyCount "65"]
[EventDate "2022.12.05"]
[EventType "swiss"]
[EventCountry "ISR"]
[SourceTitle "playchess.com"]
[Source "ChessBase"]
[SourceQuality "1"]
[TimeControl "40/5400+30:1800+30"]

1. e4 c5 2. Nf3 d6 3. d4 cxd4 4. Nxd4 Nf6 5. Nc3 a6 6. f4 e5 7. Nf3 Nbd7 8. a4 Qc7 9. Bd3 Be7 10. O-O O-O 11. Kh1 Nc5 {[%emt 0:03:16] B93: Sicilian Najdorf: 6 f4.} 12. Qe1 Re8 13. a5 Bd7 14. fxe5 dxe5 15. Qg3 Rad8 (15... Bc6 $5 ) 16. Be3 {[%emt 0:06:57] [#]} (16. Nxe5 $2 {perishes.} Nh5 17. Qf2 Qxe5 $19) 16... Be6 $146 ({Predecessor:} 16... Bc8 17. Qxe5 Qxe5 18. Nxe5 Bf8 19. Bxc5 Bxc5 20. Nf3 Ng4 21. Nd1 g6 22. h3 Ne5 23. Nxe5 Rxe5 {0-1 (80) Orlando,E-Tsikunov,A ICCF email 2017}) 17. Qxe5 (17. Nxe5 $2 {is the wrong capture.} Nh5 18. Qe1 Qxe5 $19) 17... Qc8 ({Better is} 17... Qxe5 $11 18. Nxe5 Bb3) 18. Bd4 $14 Bd6 19. Qg5 h6 20. Qh4 {[%emt 0:00:31] [#] Hoping for e5.} Be7 21. Qf2 Ng4 22. Qe2 (22. Qg1 $14) 22... Qc7 {[%emt 0:08:12] [#]} (22... Bf6 $1 $11 23. Bxf6 Nxf6) 23. e5 $1 $16 Nxd3 24. cxd3 {[%emt 0:00:12] Strongly threatening Bb6.} Bc5 {[%emt 0:03:28] Prevents Bb6.} 25. Bxc5 Qxc5 26. d4 Qc4 27. Qd2 ({White should play} 27. Qe1 $16) 27... f6 $1 $11 28. exf6 Nxf6 29. h3 Bf7 30. Qf4 Bh5 {[%emt 0:02:12] The position is equal.} 31. Rf2 Bxf3 32. Qxf3 Qxd4 33. Rd1 {[%emt 0:03:02] Weighted Error Value: White=0.15 (very precise) /Black=0.17 (very precise)} 1/2-1/2

[Event "Israeli Championship 2022"]
[Site "Yosiah Arad"]
[Date "2022.12.12"]
[Round "8.5"]
[White "Zanan, Evgeny"]
[Black "Kobo, Ori"]
[Result "1/2-1/2"]
[ECO "E73"]
[WhiteElo "2485"]
[BlackElo "2554"]
[Annotator "TA"]
[PlyCount "109"]
[EventDate "2022.12.05"]
[EventType "swiss"]
[EventCountry "ISR"]
[SourceTitle "playchess.com"]
[Source "ChessBase"]
[SourceQuality "1"]
[TimeControl "40/5400+30:1800+30"]

1. d4 Nf6 2. c4 g6 3. Nc3 Bg7 4. e4 d6 5. Be2 O-O 6. Be3 a5 {[%emt 0:00:12] E73: King's Indian: Averbakh Variation without 6...c5.} 7. g4 c5 {[%emt 0:00:37] [#]} 8. d5 $146 ({Predecessor:} 8. g5 Ng4 9. Bxg4 Bxg4 10. Qxg4 cxd4 11. Bxd4 Bxd4 12. Nge2 Bg7 13. Rd1 a4 14. O-O {0-1 (51) Johnson,J (2178)-Risteski,E (2405) Chennai 2022}) 8... a4 9. a3 e6 10. g5 (10. Nxa4 $2 Qa5+ 11. Nc3 Nxe4 $19) 10... Ne8 11. h4 (11. Nxa4 Qa5+ 12. Nc3 Bxc3+ 13. bxc3 Qxc3+ 14. Bd2 Qd4 $17) 11... exd5 12. exd5 (12. cxd5 $11 Qe7 13. Qc2 (13. Nxa4 $2 Qxe4 14. Nf3 Qxa4 $19)) 12... Bxc3+ $15 13. bxc3 Ng7 14. Bf4 Qe7 {[%emt 0:05:40] Prevents h5.} 15. Nf3 Re8 16. Kd2 $1 Bf5 17. Re1 $1 Qc7 18. Bd3 Nd7 19. Bxf5 {[%emt 0:10:57] Active counter play!} Nxf5 20. Rb1 Ne5 21. Nxe5 dxe5 22. Bh2 b5 $2 (22... Nxh4 $11 23. Qe2 Ng2) 23. cxb5 $16 (23. Rxb5 Nd6 24. Kc1 Nxb5 25. cxb5 Qa5 $19) 23... c4 (23... Nxh4 $16 24. Kc1 Qd6) 24. Rb4 $2 (24. b6 $18 Qd6 25. Kc2) 24... Qc5 (24... Rad8 $5 25. Kc1 (25. Qxa4 $2 Qc5 $19) 25... Qc5 $14) 25. Kc1 {[%emt 0:00:17] Threatens to win with b6.} (25. Bxe5 $2 Qxd5+ 26. Kc2 Rxe5 $19) (25. Qe2 $5 Qxd5+ 26. Kc2 $11) 25... Qxf2 (25... Rad8 $11) 26. Qd2 $18 (26. Bxe5 $2 Rxe5 $1 27. Rxe5 Qf4+ 28. Qd2 Qxe5 $19) 26... Qxh4 27. b6 $36 {[%emt 0:00:03][%mdl 2048] White is on the roll.} (27. Bxe5 Nd6 $1 28. Re2 Qh1+ 29. Qe1 Qxd5 30. Bxd6 Rxe2 31. Qxe2 Qxd6 $11) 27... f6 28. Bg1 {[%emt 0:00:01] Black must now prevent Bf2.} (28. b7 {feels hotter.} Rab8 29. Bg1 Nd6 30. Bc5) 28... Nd6 29. gxf6 ({White should try} 29. b7 $16 Rab8 30. Bc5 (30. Rxa4 $2 Rxb7 31. Bf2 Qh3 $19)) 29... Qxf6 $11 30. Bc5 (30. Qf2 {with more complications.} Qg5+ 31. Kb1 e4 32. Bh2) 30... Nb7 (30... Ra5 $11 {was preferrable.} 31. b7 Rxc5) 31. Be3 $1 $14 {[%emt 0:00:03][%mdl 1024] White has compensation.} (31. Rxc4 $2 Rac8 32. d6 (32. Qe3 $2 Qf7 $19) 32... Nxc5 $19) 31... Qd6 (31... Nd6 $1 $14) 32. Kb2 (32. Rxc4 $2 Na5 $19) (32. Rd1 $16) 32... Rec8 (32... Nc5 $11 {remains equal.} 33. Bxc5 (33. Rxc4 Qxb6+ 34. Rb4 Qd6 $11) 33... Qxc5) 33. Rd1 $16 Rab8 34. Ka2 (34. Rxa4 Nc5 35. Rxc4 Rxb6+ 36. Ka2 Rb7 $11) 34... Nc5 {[%emt 0:02:04] [#]} 35. Bxc5 (35. Rxc4 $6 Qxb6 36. Rb4 Qd6 $11) (35. b7 $1 $16 Rf8 36. Bxc5 (36. Rxc4 Nxb7 37. Rxa4 Qd7 $11) 36... Qxc5 37. d6 (37. Rxa4 $2 Rf2 $19)) 35... Rxc5 $14 36. b7 (36. Rxa4 Rxb6 37. Rb4 Ra6 $17) 36... Kg7 (36... Qd7 $2 37. d6 $18) 37. Qg5 (37. Rxa4 $2 Rxb7 38. Qg2 Rd7 $19) (37. Rh1 Rc7 $14) (37. Rb2 $16) 37... h6 $2 (37... Rxd5 $2 38. Rxd5 (38. Rh1 Rd2+ 39. Ka1 Kh8 $17) 38... Qxd5 39. Qe7+ Kh6 40. Rb2 $18 (40. Rxa4 $2 Qd2+ 41. Kb1 Qd1+ 42. Kb2 Qb3+ 43. Kc1 Qxc3+ 44. Kd1 Qf3+ 45. Ke1 Rxb7 $19)) (37... Rc7 $1 $11 {and Black stays safe.}) 38. Qg4 $2 ({Better is} 38. Qe3 $18) 38... Rc7 $11 39. Rdb1 {[%emt 0:00:00] aiming for Rb6.} Qxd5 {[%emt 0:01:40] ...h5 is the strong threat.} 40. Rb6 Qf7 (40... Rc6 41. R6b5 Qf7 42. Qe2 $14 (42. Rxe5 Rxb7 43. Qd4 Rf6 $17)) 41. Rg1 (41. Qg2 $5 Kh7 $8 42. Ka1 $11) 41... Qf2+ $1 (41... Rbxb7 $2 42. Rxg6+ Kf8 43. Rg8+ Ke7 44. Rg7 Kd6 45. Rxf7 Rxf7 46. Qxc4 Rf2+ 47. Ka1 $18) 42. Rb2 {[%emt 0:02:55] Really sharp!} Qf6 (42... Qf7 $5 43. Rb6 $8 Qf2+ 44. Rb2 Qf7 45. Rb6 $11) 43. Qe4 {[%emt 0:00:33] [#]} (43. Rgb1 $1 $11 {and White has nothing to worry.}) 43... Kh7 $1 $19 44. Rh1 Qg7 (44... Qf4 $17 45. Qg2 e4) 45. Rhb1 $11 {[%emt 0:01:08][%cal Bh1b1,Bb1b2,Bb2f2,Bf2f6][%mdl 32] The position is equal.} Qf7 46. Rb6 $1 Re7 47. R1b2 Kg7 48. Qc6 {[%emt 0:12:20] Hoping for Rg2.} Rc7 49. Qg2 {[%emt 0:01:27] And now Rf2 would win.} Kh7 50. Rf2 Qe8 51. Rff6 Rg7 52. Rbe6 Qb5 (52... Qd7 53. Rxg6 Qxb7 54. Rxg7+ Qxg7 55. Qe4+ Kh8 56. Rg6 $18) (52... Qg8 $5 53. Rb6 $8 (53. Rxe5 $2 Rgxb7 54. Re2 Qg7 $19) 53... Qe8 $14) 53. Rb6 (53. Rxg6 Qb3+ 54. Ka1 Qxa3+ 55. Qa2 Qxc3+ 56. Qb2 Qxb2+ 57. Kxb2 Rxg6 58. Re7+ Rg7 59. Re6 Rbxb7+ 60. Kc3 Rg4 61. Kd2 a3 62. Rxe5 a2 63. Ra5 Rb3 64. Ke2 Rg2+ 65. Kf1 Rc2 66. Ra7+ Kg6 67. Ra6+ Kg5 68. Re6 Rf3+ 69. Kg1 a1=Q+) 53... Qe8 54. Rbe6 Qg8 ({Don't do} 54... Qd7 55. Rxg6 Qxb7 56. Rxg7+ Qxg7 57. Qe4+ Kh8 58. Qc6 $16) (54... Qb5 $5 55. Rb6 $8 (55. Rxg6 Qb3+ 56. Ka1 Qxa3+ 57. Qa2 Qxc3+ 58. Qb2 Qxb2+ 59. Kxb2 Rxg6 60. Re7+ Rg7 61. Rxe5 Rbxb7+ 62. Kc3 a3 63. Ra5 Ra7 64. Rf5 a2 65. Rf1 a1=Q+ 66. Rxa1 Rxa1 67. Kd4 Rd7+ 68. Ke5 Re1+ 69. Kf4 Rd3 70. Kg4 Kg6 71. Kf4 c3 72. Kg4 Re4#) 55... Qe8 $16) 55. Rb6 {[%emt 0:00:12] What a fight!   Weighted Error Value: White=0.28 (precise) /Black=0.30} (55. Rxe5 $2 {is the wrong capture.} Rgxb7 56. Re2 Qg7 $19) 1/2-1/2